 Dungeon Crawl Stone Soup version 0.20-a0-2-g2b0e13a (console) character file.

6991 brucemayne the Severer (level 11, -5/94 HPs)
             Began as a Hill Orc Monk on Oct 28, 2016.
             Was a Priest of Makhleb.
             Slain by an orc warrior
             ... wielding a +0 flail
              (16 damage)
             ... on level 2 of the Orcish Mines.
             The game lasted 00:26:34 (5498 turns).

brucemayne the Severer (Hill Orc Monk)              Turns: 5498, Time: 00:26:35

Health: -5/94      AC: 16    Str: 18    XL:     11   Next: 8%
Magic:  12/12      EV:  6    Int: 12    God:    Makhleb [***...]
Gold:   1039       SH:  5    Dex: 13    Spells: 0 memorised, 10 levels left

rFire  + . .     SeeInvis +     B - +7 hand axe {vamp, *Drain rN+++}
rCold  . . .     Gourm    .     Z - +0 plate armour {rF+}
rNeg   + + +     Faith    .     F - +0 buckler
rPois  +         Spirit   .     (no helmet)
rElec  .         Reflect  .     A - +0 cloak
rCorr  .         Harm     .     E - +0 pair of gloves
MR     .....                    d - +0 pair of boots
Stlth  ..........               (no amulet)
                                (no ring)
                                m - ring of see invisible

@: no status effects
A: blurry vision 1, clever 1, low mp 1, poison resistance, no device heal 1
a: Minor Destruction, Lesser Servant of Makhleb, Renounce Religion


You were on level 2 of the Orcish Mines.
You worshipped Makhleb.
Makhleb was most pleased with you.
You were not hungry.

You visited 2 branches of the dungeon, and saw 13 of its levels.
You also visited: Ossuary.

You collected 1137 gold pieces.
You spent 98 gold pieces at shops.

Inventory:

Hand Weapons
 a - a +0 hand axe
 r - a +0 hunting sling
 u - a +0 blowgun
 B - the +7 hand axe of the Girdle (weapon) {vamp, *Drain rN+++}
   (You found it on level 5 of the Dungeon)

   It inflicts no extra harm, but heals its wielder when it wounds a living foe.
   It renders you almost immune to negative energy.
   It causes draining when unequipped.
 T - a +0 battleaxe
 W - a +0 broad axe
 X - a +0 war axe
Missiles
 s - 38 sling bullets
 v - 11 poisoned needles
Armour
 b - a +0 robe
 d - a +0 pair of boots (worn)
 i - a +0 leather armour
 p - a +0 chain mail
 A - a +0 cloak (worn)
 E - a +0 pair of gloves (worn)
 F - a +0 buckler (worn)
 N - a +0 scale mail
 O - a +4 ring mail
 R - the +0 leather armour of Insatiable Hunger {*Contam rElec rCorr Str+4, unknown}
   (You found it on level 9 of the Dungeon)

   It affects your strength (+4).
   It insulates you from electricity.
   It causes magical contamination when unequipped.
   It protects you from acid and corrosion.
 V - a +0 plate armour
 Z - a +0 plate armour of fire resistance (worn)
Jewellery
 m - a ring of see invisible (left hand)
Wands
 w - a wand of flame (18/48)
Scrolls
 e - 5 scrolls of remove curse
 f - 2 scrolls of identify
 g - 2 scrolls of fear {unknown}
 j - a scroll of brand weapon {unknown}
 k - 2 scrolls of magic mapping
 l - a scroll of noise {unknown}
 t - a scroll of enchant weapon {unknown}
 y - 2 scrolls of amnesia {unknown}
 G - 4 scrolls of blinking {unknown}
 S - a scroll of fog {unknown}
Potions
 h - a potion of brilliance
 n - a potion of agility
 o - a potion of ambrosia
 q - 2 potions of magic
 x - a potion of lignification
 z - 5 potions of flight
 C - a potion of curing
 D - a potion of might
 H - a potion of berserk rage {unknown}
 I - 2 potions of haste
 J - a potion of degeneration {unknown}
 K - a potion of resistance {unknown}
 L - 2 potions of cancellation
 M - 2 potions of heal wounds
 U - a potion of mutation {unknown}
Books
 Q - a book of Callings

   Spells                             Type                      Level
   a - Summon Small Mammal            Summoning                    1
   b - Call Imp                       Summoning                    2
   c - Call Canine Familiar           Summoning                    3
   d - Summon Guardian Golem          Hexes/Summoning              3
   e - Summon Lightning Spire         Summoning/Air                4
   f - Summon Ice Beast               Ice/Summoning                4
Comestibles
 c - 3 bread rations
 P - 4 meat rations
 Y - 2 chunks of flesh


   Skills:
 - Level 8.0 Fighting
 + Level 16.6 Axes
 + Level 5.9 Armour
 - Level 2.4 Dodging
 - Level 1.5 Stealth
 - Level 4.7 Shields
 - Level 4.2 Invocations


You had 10 spell levels left.
You didn't know any spells.

Dungeon Overview and Level Annotations

Branches:
Dungeon (11/15)            Temple (0/1) D:5            Lair (0/6) D:9
    Orc (2/2) D:9             Elf (0/3) Orc:2

Altars:
Cheibriados
Fedhas
Makhleb
Trog
Uskayaw
Vehumet
Yredelemnul
Zin

Shops:
D:7 *

Annotations:
D:9 exclusion: downstairs
Orc:1 exclusion: upstairs


Innate Abilities, Weirdness & Mutations

Scrolls take you a little longer to read.
Your mind is acute. (Int +2)
Your magical capacity is low. (-10% MP)
Your system is resistant to poisons. (rPois)
Potions and wands are less effective at restoring your health.


Message History

Your orange demon hits the orc warlord.
The orc warlord looks weaker.
You barely miss the orc warlord.
The orc warlord is severely wounded.
You hit the orc warrior.
Your hellwing barely misses the orc warlord.
Your hellwing hits the orc warlord! You block the orc warrior's attack.
Unknown command.
Your plate armour prevents you from hitting the orc warlord.
The orc warlord is severely wounded.
You hit the orc warrior.
You feel better. Something hits your hellwing!
Your orange demon stings the orc warlord.
Your orange demon hits the orc warlord but does no damage.
The orc warlord hits you with an uncursed enchanted long sword!
* * * LOW HITPOINT WARNING * * *
Your hellwing barely misses the orc warlord.
Your hellwing hits the orc warlord! You slash the orc warlord!
The orc warlord is almost dead.
You barely miss the orc warrior. The orc warrior hits you with a flail!
You die...

#........##.......# ##..
##......)##...#...###...
##.#....#....##..##....
####...#....#.........
##.....####....)...
##.$[#####.#o))#..
#########.)).##.#.#..))###
##.#.##.#.)o#)[##)).....#
#........4@.##..)#o#...##
#........o#####.....#.##
##.#.....4.##.##..)..##
####.....##.....#####
##.....#..>.###
#...........#.#
#...##.......#
#...#......^##
##.##.......#


You could see an orc warlord, an orc warrior, a friendly orange demon and a
friendly hellwing.

Vanquished Creatures
  3 orc sorcerers (Orc:2)
  2 trolls
  Menkaure (D:4)
  4 wargs
  16 orc warriors
  2 sky beasts
  A phantom (D:6)
  12 ogres
  3 bullfrogs
  An elf zombie (Ossuary)
  4 wights (D:9)
  2 electric eels (D:7)
  3 howler monkeys (D:9)
  2 crimson imps
  4 centaur zombies (Ossuary)
  A bullfrog skeleton (D:3)
  2 centaur skeletons
  13 orc priests
  3 human zombies (Ossuary)
  7 worker ants
  10 orc wizards
  2 mummies (Ossuary)
  A worker ant zombie (D:5)
  9 adders
  A worm (D:3)
  4 leopard geckos
  45 orcs
  7 bats
  4 giant cockroaches
  8 goblins
  7 hobgoblins
  11 jackals
  8 kobolds
  2 quokkas
  4 frilled lizards
  5 rats
  2 fungi (D:9)
216 creatures vanquished.

Vanquished Creatures (collateral kills)
  2 orc wizards (Orc:2)
  2 orcs (Orc:2)
4 creatures vanquished.

Vanquished Creatures (others)
  2 fungi (D:9)
  A plant (D:9)
3 creatures vanquished.

Grand Total: 223 creatures vanquished

Notes
Turn   | Place    | Note
-------+----------+-------------------------------------------
     0 | D:1      | brucemayne the Hill Orc Monk began the quest for the Orb.
     0 | D:1      | Reached XP level 1. HP: 19/19 MP: 1/1
   104 | D:1      | Reached XP level 2. HP: 22/26 MP: 2/2
   165 | D:1      | Reached skill level 5 in Axes
   337 | D:2      | Reached XP level 3. HP: 16/31 MP: 3/3
   580 | D:2      | Reached skill level 6 in Axes
   784 | D:3      | Reached XP level 4. HP: 29/39 MP: 4/4
   884 | D:2      | Found a radiant altar of Vehumet.
   887 | D:2      | Found a burning altar of Makhleb.
   916 | D:2      | Reached skill level 7 in Axes
  1142 | D:3      | Found a bloodstained altar of Trog.
  1142 | D:3      | Found a hide-covered altar of Uskayaw.
  1213 | D:3      | Reached XP level 5. HP: 31/45 MP: 5/5
  1441 | D:4      | Reached skill level 8 in Axes
  1562 | D:5      | Entered Level 5 of the Dungeon
  1562 | D:5      | Noticed an ogre
  1588 | D:6      | Reached XP level 6. HP: 22/51 MP: 6/6
  1612 | D:6      | Found a snail-covered altar of Cheibriados.
  1659 | D:6      | Reached skill level 9 in Axes
  1708 | D:6      | HP: 2/51 [bullfrog (5)]
  1709 | D:6      | Reached skill level 1 in Armour
  1802 | D:6      | Found a snail-covered altar of Cheibriados.
  1803 | D:6      | Noticed a phantom
  1875 | D:6      | Noticed a sky beast
  1920 | D:6      | Killed a sky beast
  1920 | D:6      | Reached XP level 7. HP: 35/60 MP: 7/7
  1931 | D:6      | Reached skill level 5 in Fighting
  2225 | D:5      | Got a shimmering hand axe
  2233 | D:5      | Identified the +7 hand axe of the Girdle {vamp, *Drain rN+++} (You found it on level 5 of the Dungeon)
  2407 | D:7      | Found Iroq's General Store.
  2417 | D:7      | Bought a scroll of teleportation for 42 gold pieces
  2417 | D:7      | Bought a potion of might for 56 gold pieces
  2557 | D:8      | Found a sand-covered staircase.
  2562 | Ossuary  | Entered an ossuary
  2587 | Ossuary  | Reached skill level 1 in Shields
  2587 | Ossuary  | Reached XP level 8. HP: 69/70 MP: 8/8
  2932 | D:5      | Reached skill level 10 in Axes
  3020 | D:2      | Became a worshipper of Makhleb the Destroyer
  3020 | D:2      | Reached * piety under Makhleb
  3020 | D:2      | Reached ** piety under Makhleb
  3183 | D:4      | Found a bloodstained altar of Trog.
  3184 | D:4      | Noticed Menkaure
  3195 | D:4      | Killed Menkaure
  3361 | D:8      | Reached skill level 11 in Axes
  3412 | D:7      | Reached XP level 9. HP: 70/75 MP: 9/9
  3437 | D:7      | Gained mutation: Potions and wands are less effective at restoring your health. [mutagenic meat]
  3438 | D:7      | Gained mutation: Scrolls take you a little longer to read. [mutagenic meat]
  3439 | D:7      | Gained mutation: Your mind is acute. (Int +2) [mutagenic meat]
  3440 | D:7      | Gained mutation: Your magical capacity is low. (-10% MP) [mutagenic meat]
  3441 | D:7      | Gained mutation: Your system is resistant to poisons. (rPois) [mutagenic meat]
  3529 | D:8      | Reached skill level 12 in Axes
  3580 | D:9      | Found a glowing silver altar of Zin.
  3603 | D:9      | Got a jet-encrusted leather armour
  3694 | D:10     | Entered Level 10 of the Dungeon
  3703 | D:9      | Found a staircase to the Lair.
  3727 | D:9      | Found a basalt altar of Yredelemnul.
  3733 | D:9      | Found a staircase to the Orcish Mines.
  3743 | D:9      | Found a blossoming altar of Fedhas.
  3834 | Orc:1    | Entered Level 1 of the Orcish Mines
  3834 | Orc:1    | Noticed a troll
  3845 | D:9      | Reached skill level 13 in Axes
  3920 | D:9      | Reached skill level 1 in Invocations
  3949 | D:9      | Noticed a brown ugly thing
  4213 | D:9      | Killed a troll
  4321 | Orc:1    | Reached *** piety under Makhleb
  4325 | Orc:1    | Noticed a troll
  4332 | Orc:1    | Killed a troll
  4332 | Orc:1    | Reached skill level 14 in Axes
  4332 | Orc:1    | Reached XP level 10. HP: 50/83 MP: 11/11
  4520 | Orc:1    | Noticed a wolf spider
  4536 | Orc:2    | Entered Level 2 of the Orcish Mines
  4548 | Orc:1    | Reached skill level 15 in Axes
  4654 | Orc:2    | Found a staircase to the Elven Halls.
  4791 | Orc:2    | Noticed an orc sorcerer
  4847 | Orc:2    | Paralysed by an orc sorcerer for 2 turns
  4854 | Orc:2    | Killed an orc sorcerer
  4900 | Orc:1    | Noticed an orc sorcerer
  4908 | Orc:2    | Killed an orc sorcerer
  5005 | Orc:1    | Reached skill level 16 in Axes
  5105 | Orc:2    | Reached **** piety under Makhleb
  5321 | Orc:2    | Reached skill level 5 in Armour
  5349 | Orc:2    | Noticed an orc sorcerer
  5372 | Orc:2    | Killed an orc sorcerer
  5372 | Orc:2    | Reached XP level 11. HP: 94/94 MP: 12/12
  5413 | Orc:2    | Noticed an orc knight
  5447 | Orc:2    | Noticed an orc warlord
  5498 | Orc:2    | Slain by an orc warrior

Vault maps used:
D:1:      erik_arrival_blinker_ship
D:2:      minitemple, first_bread
D:3:      old_standard_altar, gammafunk_temple_overflow_elements
D:4:      trog_hazing_becter, uniq_menkaure
D:5:      uniq_sigmund, uniq_pikel
D:6:      old_standard_altar, basic_altar
D:7:      grunt_qazlal_clouds, serial_shops, shop, grunt_livestock,
          chequers_big_river
D:8:      overflow_temple_1_default, enter_ossuary_5,
          nicolae_dithmenos_the_darkroom, uniq_maurice
D:9:      yredelemnul_altar_generic, fedhas_altar_3, kennysheep_mini_moat,
          lair_0_dummy, orc_0_dummy
D:11:     okawaru_arena_lexackson, basic_altar
Orc:1:    nicolae_orc_accident_3, nicolae_volcano_entry_hallway, uniq_erica
Orc:2:    st_orc_congregation
Ossuary:  ossuary_minmay_four_chambers

Skill      XL: |  1  2  3  4  5  6  7  8  9 10 |
---------------+-------------------------------+-----
Axes           | 5 6 7 8 9 11 14 16 | 16.6
Fighting       | 4 6 8 |  8.0
Armour         | 2 4 5 |  5.9
Shields        | 1 4 |  4.7
Invocations    | 4 |  4.2
Dodging        | |  2.4
Stealth        | |  1.5

Action                   |  1- 3 |  4- 6 |  7- 9 | 10-12 || total
-------------------------+-------+-------+-------+-------++-------
Melee: Hand axe          |   114 |   165 |   377 |   299 ||   955
 Fire: Blowgun           |       |    24 |     6 |       ||    30
Invok: Lesser Servant of |       |       |       |     5 ||     5
Evoke: Wand              |       |       |     9 |       ||     9
  Use: Potion            |     1 |     4 |       |       ||     5
       Scroll            |       |     6 |     8 |       ||    14
 Stab: Sleeping          |     1 |       |       |       ||     1
  Eat: Chunk             |       |     3 |     8 |     4 ||    15
       Meat ration       |       |       |     1 |       ||     1
       Bread ration      |       |       |     1 |       ||     1
       Beef jerky        |       |       |     1 |       ||     1
Armor: Robe              |    14 |       |       |       ||    14
       Leather armour    |    17 |       |       |       ||    17
       Chain mail        |     6 |    98 |   152 |     1 ||   257
       Plate armour      |       |       |       |    64 ||    64
Dodge: Dodged            |    99 |    60 |   104 |    30 ||   293
Block: Buckler           |       |       |    57 |    32 ||    89
